 Dungeon Crawl Stone Soup version 0.30.0-3-ga4e48a9924 (webtiles) character file.

Game seed: 1949547964777324631

82 zazu2006 the Magician (level 4, -4/36 HPs)
             Began as a Naga Hedge Wizard on May 7, 2023.
             Slain by a sky beast (6 damage)
             ... on level 3 of the Dungeon.
             The game lasted 00:04:19 (2452 turns).

zazu2006 the Magician (Naga Hedge Wizard)           Turns: 2452, Time: 00:04:19

Health: -4/36      AC:  6    Str: 13    XL:     4   Next: 43%
Magic:  7/9        EV:  9    Int: 16    God:
Gold:   96         SH:  0    Dex: 10    Spells: 4/10 levels left

rFire   . . .        n - +0 dagger (venom)
rCold   + . .        (no shield)
rNeg    . . .        f - +1 leather armour {rC+}
rPois   +            c - +0 hat
rElec   .            r - +1 cloak {rCorr}
rCorr   +            (no gloves)
SInv    +            (no barding)
Will    .....        (no amulet)
Stlth   ++           (no ring)
HPRegen 0.26/turn    (no ring)
MPRegen 0.11/turn

%: no passive effects
@: very slightly contaminated, very slow
A: AC +1, large, see invisible, deformed body, poison resistance, slowness 2,
spit poison 1, naga tail 1
a: Spit Poison


You were on level 3 of the Dungeon.
You visited 1 branch of the dungeon, and saw 3 of its levels.

You collected 96 gold pieces.

Inventory:

Hand Weapons
 n - a +0 dagger of venom (weapon)
 s - a +1 dagger of electrocution
Missiles
 j - 3 poisoned darts
Armour
 c - a +0 hat (worn)
 f - a +1 leather armour of cold resistance (worn)
 r - a +1 cloak of preservation (worn)
Magical Staves
 g - a staff of earth
Scrolls
 a - a scroll of acquirement {unknown}
 h - a scroll of silence {unknown}
 k - 2 scrolls of identify {unknown}
 l - a scroll of noise {unknown}
 m - 2 scrolls of magic mapping {unknown}
 o - a scroll of teleportation {unknown}
 q - 2 scrolls of enchant weapon {unknown}
Potions
 b - a potion of invisibility {unknown}
 d - a potion of magic
 e - 2 potions of cancellation {unknown}
 i - a potion of might {unknown}
 p - a potion of curing {unknown}


   Skills:
 - Level 0.8 Throwing
 + Level 1.0 Armour
 + Level 1.8 Dodging
 + Level 3.4 Stealth
 + Level 3.9 Spellcasting
 + Level 1.8 Conjurations
 + Level 1.0 Summonings
 + Level 1.0 Translocations


You had 4 spell levels left.
You knew the following spells:

 Your Spells              Type           Power      Damage    Failure   Level
a - Magic Dart            Conj           32%        1d4       11%         1
b - Mephitic Cloud        Conj/Pois/Air  5%         N/A       45%         3
d - Blink                 Tloc           12%        N/A       22%         2

Your spell library contained the following spells:

 Spells                   Type           Power      Damage    Failure   Level
 Slow                     Hex            12%        N/A       22%         1
 Call Imp                 Summ           12%        N/A       22%         2
 Cigotuvi's Dreadful Rot  Necr/Pois/Air  6%         N/A       32%         2
 Anguish                  Hex/Necr       1%         N/A       91%         4
 Cause Fear               Hex            1%         N/A       91%         4
 Enfeeble                 Hex            1%         N/A       100%        7


Dungeon Overview and Level Annotations

Branches:
Dungeon (3/15)

Altars:


Innate Abilities, Weirdness & Mutations

Your serpentine skin is tough. (AC +1)
You have supernaturally acute eyesight. (SInv)
Armour fits poorly on your strangely shaped body.
Your system is resistant to poisons. (rPois)
You cover ground very slowly.
You can spit poison.
You have a snake-like lower body.


Message History

Aim: a sky beast (45% to hit)
The splash of poison misses the sky beast.
Unknown command.
You hit the sky beast.
The sky beast is poisoned.
The sky beast is lightly wounded.
The sky beast hits you but does no damage.
You closely miss the sky beast.
The sky beast is lightly wounded.
The sky beast hits you. The sky beast shocks you.
You hit the sky beast but do no damage.
The sky beast looks as sick as possible!
The sky beast is lightly wounded.
The sky beast hits you but does no damage.
You closely miss the sky beast.
The sky beast is moderately wounded.
The sky beast misses you.
You hit the sky beast.
The sky beast is heavily wounded.
The sky beast closely misses you.
You miss the sky beast.
The sky beast is severely wounded.
You have got your breath back.
The sky beast hits you. The sky beast shocks you.
You miss the sky beast.
The sky beast is severely wounded.
The sky beast hits you. The sky beast shocks you.
You closely miss the sky beast.
The sky beast is almost dead.
The sky beast hits you. The sky beast shocks you.
* * * LOW HITPOINT WARNING * * *
Casting: Mephitic Cloud (quite dangerous; 45% risk of failure)
Confirm with . or Enter, or press ? or * to list all spells.
You miscast Blink.
You are very lightly contaminated with residual magic.
Nothing appears to happen.
The sky beast hits you but does no damage.
The sky beast attacks as you move away! The sky beast hits you.
* * * LOW HITPOINT WARNING * * *
The sky beast shocks you.
You die...

#. ..
##........##.###..... ##
##...######.........
##.## #..##.##.. #...#
#..##.##.. #...#
#......... #...#
##.###รท#.# #...#
#.###.#.# #.<.#
#........ #Y@.#
####..###
............... #...)...
?..........(... #....#..
...............##.#..#.<
#####......###.#........
#....#.# ..........
#[...#.# ###..####.
#....#.# #.........
#.##.##.##


You could see a sky beast (very poisoned).

Vanquished Creatures
  3 adders (D:2)
  2 dart slugs
  12 ball pythons
  5 bats
  6 endoplasms
  A giant cockroach (D:1)
  3 goblins
  3 hobgoblins
  2 kobolds
  2 quokkas
  4 frilled lizards
  7 rats
50 creatures vanquished.

Notes
Turn   | Place    | Note
-------+----------+-------------------------------------------
     0 | D:1      | zazu2006 the Naga Hedge Wizard began the quest for the Orb.
     0 | D:1      | Reached XP level 1. HP: 15/15 MP: 4/4
   261 | D:1      | Reached XP level 2. HP: 22/22 MP: 0/6
  1056 | D:1      | Reached XP level 3. HP: 27/28 MP: 4/8
  1060 | D:1      | Learned a level 3 spell: Mephitic Cloud
  1063 | D:1      | Learned a level 2 spell: Blink
  1363 | D:2      | Found a faded altar of an unknown god.
  1667 | D:2      | Reached XP level 4. HP: 36/36 MP: 3/9
  1882 | D:2      | Reached skill level 1 in Armour
  2439 | D:3      | Noticed a sky beast
  2452 | D:3      | Slain by a sky beast

Illustrated notes

Levels and vault maps discovered:
D:1:      heliophobic_arrival_ceremonial_halls, layout_basic
D:2:      layout_rooms, chequers_ecumenical_altar_island
D:3:      layout_loops_cross, serial_bayou_lagoon_a,
          minmay_randomly_rotated_circles

Skill      XL: |  1  2  3  4 |
---------------+-------------+-----
Armour         | 1 |  1.0
Throwing       | |  0.8
Dodging        | |  1.8
Stealth        | |  3.4
Spellcasting   | |  3.9
Conjurations   | |  1.8
Summonings     | |  1.0
Translocations | |  1.0

Action                     |  1- 3 |  4- 6 || total
---------------------------+-------+-------++-------
  Melee: Dagger            |    18 |    24 ||    42
  Throw: Dart              |     3 |       ||     3
   Cast: Magic Dart        |    74 |    31 ||   105
Ability: Spit Poison       |     6 |     3 ||     9
 Armour: Leather armour    |     6 |    12 ||    18
  Dodge: Dodged            |    12 |     9 ||    21
